 Dungeon Crawl Stone Soup version 0.30-a0-586-g23e55c9e0a (webtiles) character file.

Game seed: 9281265857681954255

16837 themarg the Martial Artist (level 12, -4/110 HPs)
             Began as a Gnoll Transmuter on Jan 3, 2023.
             Was a High Priest of Ashenzari.
             Slain by a yak (10 damage)
             ... on level 1 of the Lair of Beasts.
             The game lasted 00:40:01 (13121 turns).

themarg the Martial Artist (Gnoll Transmuter)      Turns: 13121, Time: 00:40:02

Health: -4/110     AC: 10    Str: 11    XL:     12   Next: 41%
Magic:  34/34      EV: 13    Int: 17    God:    Ashenzari [*****.]
Gold:   737        SH:  0    Dex: 12    Spells: 16/29 levels left

rFire   . . .      SeeInvis +      - Unarmed
rCold   + + +      Faith    .    (shield currently unavailable)
rNeg    . . .      Spirit   .    (body armour currently unavailable)
rPois   +          Reflect  .    (helmet currently unavailable)
rElec   .          Harm     .    (cloak currently unavailable)
rCorr   .          Rampage  .    (gloves currently unavailable)
Will    .....      Clarity  +    (boots currently unavailable)
Stlth   +++                      (no amulet)
HPRegen 0.38/turn                y - ring "Astrological Autotheism" {MP+9, Evo, Bglg} (curse)
MPRegen 0.24/turn                D - ring "Secrets of Ashenzari" {rF+, Comp, Elem} (curse)

@: mighty, ice-form, wereblooded
A: freezing attack, amphibious, boosted hp, large, (fangs 1), strong nose,
distributed training
a: End Transformation, Renounce Religion, Shatter the Chains


You were on level 1 of the Lair of Beasts.
You worshipped Ashenzari.
Ashenzari was extremely pleased with you.
You were a creature of crystalline ice.
You visited 3 branches of the dungeon, and saw 13 of its levels.

You collected 737 gold pieces.

Inventory:

Hand Weapons
 k - a +6 short sword
 F - the +3 quarterstaff "Weukeeph" {freeze, Contam Int+7 SInv}
   (You found it on level 10 of the Dungeon)

   It freezes those it strikes, dealing additional cold damage.
   It can also slow down cold-blooded creatures.
   Int:       It affects your intelligence (+7).
   SInv:      It lets you see invisible.
   Contam:    It causes magical contamination when unequipped.
 N - the +6 shortbow of the Turnip {flame, rElec Str+6 Dex+4}
   (You found it on level 10 of the Dungeon)

   Any ammunition fired from it burns those it strikes, dealing additional fire
   damage.
   Str:       It affects your strength (+6).
   Dex:       It affects your dexterity (+4).
   rElec:     It insulates you from electricity.
 O - the cursed +9 whip of Ashenzari's Black Moon (melded) {elec, MP+9, Elem, Self}
   (You found it on level 10 of the Dungeon)

   It occasionally discharges a powerful burst of electricity upon striking a
   foe.
   MP:        It affects your magic capacity (+9).
   It has a curse which improves the following skills: Elements: Fire Magic, Ice
   Magic, Air Magic and Earth Magic.
   Introspection: Fighting and Spellcasting.
 Q - the +8 halberd of Integrity {heavy, Dex+4}
   (You found it on level 11 of the Dungeon)

   It deals dramatically more damage, but attacks with it are much slower.
   Dex:       It affects your dexterity (+4).
Missiles
 c - 8 boomerangs
 f - 61 stones
 m - a curare-tipped dart
 K - 29 poisoned darts
Armour
 a - the cursed +0 robe "Cursed Malaise" (melded) {Bglg, Comp}

   It has a curse which improves the following skills: Beguiling: Conjurations,
   Hexes and Translocations.
   Companions: Summonings and Necromancy.
 g - the cursed +0 buckler "Tethered With Me" (melded) {Comp, Alch}
   (You found it on level 6 of the Dungeon)

   It has a curse which improves the following skills: Companions: Summonings
   and Necromancy.
   Alchemy:   Poison Magic and Transmutations.
 p - the cursed +2 pair of boots of Star-Bound Wisdom (melded) {Evo, Elem}
   (You found it on level 2 of the Dungeon)

   It has a curse which improves the following skills: Evocations: Evocations.
   Elements:  Fire Magic, Ice Magic, Air Magic and Earth Magic.
 t - a +0 kite shield
 G - the cursed +2 pair of gloves of the Manifest Loss (melded) {Melee, Cun}
   (You found it on level 5 of the Dungeon)

   It has a curse which improves the following skills: Melee Combat: Short
   Blades, Long Blades, Axes, Maces & Flails, Polearms, Staves and Unarmed
   Combat.
   Cunning:   Dodging and Stealth.
 J - the cursed +2 helmet "Thunder Perfect Mind" (melded) {Elem, Fort}
   (You found it on level 5 of the Dungeon)

   It has a curse which improves the following skills: Elements: Fire Magic, Ice
   Magic, Air Magic and Earth Magic.
   Fortitude: Armour and Shields.
Magical Staves
 E - a staff of earth
Jewellery
 r - a ring of positive energy
 v - a ring of willpower
 y - the cursed ring "Astrological Autotheism" (left front paw) {MP+9, Evo, Bglg}
   (You found it on level 3 of the Dungeon)

   [ring of magical power]

   MP:        It affects your magic capacity (+9).
   It has a curse which improves the following skills: Evocations: Evocations.
   Beguiling: Conjurations, Hexes and Translocations.
 D - the cursed ring "Secrets of Ashenzari" (right front paw) {rF+, Comp, Elem}
   (You found it on level 4 of the Dungeon)

   [ring of protection from fire]

   rF:        It protects you from fire.
   It has a curse which improves the following skills: Companions: Summonings
   and Necromancy.
   Elements:  Fire Magic, Ice Magic, Air Magic and Earth Magic.
 L - a ring of ice
 P - a ring of ice
Wands
 d - a wand of digging (6)
 j - a wand of polymorph (11)
 A - a wand of flame (9)
 H - a wand of paralysis (4)
Scrolls
 e - 4 scrolls of vulnerability
 h - 2 scrolls of enchant armour
 i - 2 scrolls of poison
 l - a scroll of enchant weapon
 o - 2 scrolls of butterflies
 w - 3 scrolls of teleportation
 x - a scroll of torment
 z - 2 scrolls of fear
 B - a scroll of brand weapon
 C - 2 scrolls of amnesia
 I - a scroll of magic mapping
 R - a scroll of blinking
Potions
 b - 2 potions of lignification
 n - 6 potions of curing
 q - a potion of magic
 s - a potion of might
 u - 3 potions of flight
 M - a potion of brilliance


   Skills:
 + Level 8.0 Fighting
 + Level 7.5 Short Blades
 + Level 7.5 Long Blades
 + Level 7.5 Axes
 + Level 7.5 Maces & Flails
 + Level 7.5 Polearms
 + Level 7.5 Staves
 + Level 7.5 Ranged Weapons
 + Level 7.5 Throwing
 + Level 7.5 Armour
 + Level 8.9 Dodging
 + Level 7.5 Stealth
 + Level 7.5 Shields
 + Level 10.0 Unarmed Combat
 + Level 9.1 Spellcasting
 + Level 6.2(8.6) Conjurations
 + Level 6.2(8.6) Hexes
 + Level 6.2(8.6) Summonings
 + Level 6.2(8.6) Necromancy
 + Level 6.2(8.6) Translocations
 + Level 7.4 Transmutations
 + Level 6.2(8.6) Fire Magic
 + Level 6.2(8.6) Ice Magic
 + Level 6.2(8.6) Air Magic
 + Level 6.2(8.6) Earth Magic
 + Level 6.2 Poison Magic
 + Level 8.2 Invocations
 + Level 7.5(9.9) Evocations


You had 16 spell levels left.
You knew the following spells:

 Your Spells              Type           Power      Damage    Failure   Level
a - Beastly Appendage     Tmut           66%        N/A       1%          1
b - Wereblood             Tmut           33%        N/A       1%          2
c - Spider Form           Tmut/Pois      31%        N/A       1%          3
d - Ice Form              Ice/Tmut       35%        N/A       3%          4
e - Mephitic Cloud        Conj/Pois/Air  34%        N/A       1%          3

Your spell library contained the following spells:

 Spells                   Type           Power      Damage    Failure   Level
 Cigotuvi's Dreadful Rot  Necr/Pois/Air  68%        N/A       1%          2
 Poisonous Vapours        Pois/Air       66%        N/A       1%          2
 Hailstorm                Conj/Ice       37%        3d9       1%          3
 Simulacrum               Ice/Necr       18%        N/A       38%         6
 Borgnjor's Revivificati  Necr           18%        N/A       100%        8
 Necromutation            Tmut/Necr      17%        N/A       100%        8
 Death's Door             Necr           18%        N/A       100%        9


Dungeon Overview and Level Annotations

Branches:
Dungeon (11/15)            Temple (1/1) D:4            Lair (1/5) D:8
    Orc: D:9-12

Altars:
Ashenzari
Cheibriados
Dithmenos
Elyvilon
Fedhas
Gozag
Hepliaklqana
Kikubaaqudgha
Makhleb
Nemelex Xobeh
Okawaru
Qazlal
Ru
Sif Muna
Trog
Uskayaw
Vehumet
Wu Jian
Xom
Yredelemnul
Zin
The Shining One

Shops:
D:4 =   D:5 (   D:11 =

Annotations:
D:9 exclusion: oklob plant


Innate Abilities, Weirdness & Mutations

You are a creature of crystalline ice.
You have a powerful freezing melee attack.
You are amphibious.
Your maximum health is increased.
Your armour is entirely melded.
You are incapable of wielding weapons or throwing items.
((You have very sharp teeth.))
Your uncanny sense of smell can sniff out nearby items.
Your experience applies equally to all skills.


Message History

You feel sick. The yak closely misses you. The yak barely misses you.
You hit the yak but do no damage.
The yak is heavily wounded.
You feel sick.
You punch the yak! You freeze the yak.
The yak is almost dead.
You feel sick. The yak gores you!
* * * LOW HITPOINT WARNING * * *
The yak gores you but does no damage.
You feel better. The yak gores you but does no damage. The yak gores you.
* * * LOW HITPOINT WARNING * * *
You hit the yak. You freeze the yak.
The yak is almost dead.
The yak gores you but does no damage. x2; The yak closely misses you.
You punch the yak! You freeze the yak.
You feel a bit better.
You kill the yak!
The yak barely misses you. The yak closely misses you.
You punch the yak! You freeze the yak.
The yak is heavily wounded.
You howl as the wereblood boils in your veins!
The yak closely misses you. The yak gores you but does no damage.
The yak gores you!
* * * LOW HITPOINT WARNING * * *
You feel very mighty all of a sudden. The yak gores you!
* * * LOW HITPOINT WARNING * * *
The yak gores you.
* * * LOW HITPOINT WARNING * * *
The yak barely misses you.
You pummel the yak!! You freeze the yak.
You feel a bit better.
You kill the yak!
You pummel the yak!! You freeze the yak!
The yak is almost dead.
The yak gores you.
* * * LOW HITPOINT WARNING * * *
The yak completely misses you.
You feel better. The yak gores you!
* * * LOW HITPOINT WARNING * * *
The yak misses you. The yak gores you!
You die...

* * * ,,, ###..####
, ** *, ,, #.....#
,*,* ** #.....# ,
,,, , { * ##.#...#
,,, ,* ##...#### ,*
, * ###...## *, **
##....## *∆ *
#.YY.## * # ,
######.#Y.#
**#...###.##.#.Y###
,./....Y......##
..........P<##
,,...........##
**############


You could see 3 yaks.

Vanquished Creatures
  4 two-headed ogres
  2 centaur warriors (D:10)
  A flayed ghost (D:10)
  A deep elf pyromancer (D:10)
  A cyclops (D:11)
  A cane toad (Lair:1)
  2 kobold demonologists (D:10)
  A yaktaur (D:10)
  A komodo dragon (D:11)
  A troll (D:11)
  A hornet (D:11)
  Sigmund (D:5)
  2 wraiths
  3 wyverns
  A water elemental (D:11)
  A vampire (D:9)
  20 yaks
  2 steam dragons
  3 water moccasins (D:8)
  6 orc warriors
  2 black bears (D:8)
  2 sky beasts
  An ice beast (D:5)
  An ogre (D:6)
  5 centaurs
  3 kobold brigands
  3 bullfrogs
  2 gnoll sergeants
  3 necrophages
  7 scorpions
  26 wights
  3 killer bees (D:7)
  A howler monkey (D:11)
  9 electric eels (D:11)
  A centaur zombie (D:8)
  A jelly (D:6)
  8 orc priests
  4 hounds
  2 iguanas
  13 orc wizards
  A killer bee zombie (D:8)
  8 gnolls
  2 adders
  2 shadow imps (D:7)
  A white imp (D:5)
  4 ufetubi (D:5)
  3 worms
  5 dart slugs
  32 orcs
  A bat (D:2)
  5 endoplasms
  3 giant cockroaches
  5 goblins
  5 hobgoblins
  2 jackals (D:2)
  19 kobolds
  4 quokkas
  5 ball pythons
  3 frilled lizards
  5 rats
267 creatures vanquished.

Vanquished Creatures (others)
  An unseen horror (D:10)
  A kobold brigand (D:7)
  30 fungi
  82 plants
114 creatures vanquished.

Grand Total: 381 creatures vanquished

Notes
Turn   | Place    | Note
-------+----------+-------------------------------------------
     0 | D:1      | themarg the Gnoll Transmuter began the quest for the Orb.
     0 | D:1      | Reached XP level 1. HP: 17/17 MP: 6/6
   126 | D:1      | Reached XP level 2. HP: 23/23 MP: 5/7
   129 | D:1      | Learned a level 2 spell: Wereblood
   887 | D:2      | Reached skill level 5 in Spellcasting
   887 | D:2      | Reached XP level 3. HP: 25/28 MP: 7/9
   891 | D:2      | Learned a level 3 spell: Spider Form
   951 | D:2      | Found a faded altar of an unknown god.
  1171 | D:2      | Reached skill level 1 in Invocations
  1549 | D:3      | Reached skill level 1 in Short Blades
  1549 | D:3      | Reached skill level 1 in Long Blades
  1549 | D:3      | Reached skill level 1 in Axes
  1549 | D:3      | Reached skill level 1 in Maces & Flails
  1549 | D:3      | Reached skill level 1 in Polearms
  1549 | D:3      | Reached skill level 1 in Staves
  1549 | D:3      | Reached skill level 1 in Ranged Weapons
  1549 | D:3      | Reached skill level 1 in Throwing
  1549 | D:3      | Reached skill level 1 in Armour
  1549 | D:3      | Reached skill level 1 in Stealth
  1549 | D:3      | Reached skill level 1 in Shields
  1549 | D:3      | Reached skill level 1 in Evocations
  1656 | D:3      | Reached XP level 4. HP: 30/34 MP: 7/11
  2085 | D:3      | Found a burning altar of Makhleb.
  2085 | D:3      | Found a glowing silver altar of Zin.
  2086 | D:3      | Noticed an angel
  2086 | D:3      | Noticed an Executioner
  2132 | D:4      | Noticed a necrophage
  2141 | D:4      | Killed a necrophage
  2142 | D:4      | Reached skill level 1 in Conjurations
  2142 | D:4      | Reached skill level 1 in Hexes
  2142 | D:4      | Reached skill level 1 in Summonings
  2142 | D:4      | Reached skill level 1 in Necromancy
  2142 | D:4      | Reached skill level 1 in Translocations
  2142 | D:4      | Reached skill level 1 in Fire Magic
  2142 | D:4      | Reached skill level 1 in Ice Magic
  2142 | D:4      | Reached skill level 1 in Air Magic
  2142 | D:4      | Reached skill level 1 in Earth Magic
  2142 | D:4      | Reached skill level 1 in Poison Magic
  2142 | D:4      | Reached XP level 5. HP: 40/41 MP: 12/12
  2418 | D:4      | Reached XP level 6. HP: 41/47 MP: 14/14
  2583 | D:4      | Found Xuacac's Jewellery Emporium.
  2597 | D:4      | Found a staircase to the Ecumenical Temple.
  2658 | D:4      | Found a glowing golden altar of the Shining One.
  2679 | Temple   | Entered the Ecumenical Temple
  2684 | Temple   | Became a worshipper of Ashenzari the Shackled
  2873 | D:5      | Entered Level 5 of the Dungeon
  2923 | D:5      | Reached skill level 5 in Dodging
  3223 | D:5      | Reached skill level 7 in Unarmed Combat
  3223 | D:5      | Reached XP level 7. HP: 40/52 MP: 15/15
  3276 | D:5      | Found a snail-covered altar of Cheibriados.
  3398 | D:5      | Identified the cursed +2 helmet "Thunder Perfect Mind"
                  | {Elem, Fort} (You found it on level 5 of the Dungeon)
  3963 | D:5      | Found Peg Seab's Weapon Emporium.
  3968 | D:5      | Noticed Sigmund
  3978 | D:5      | Killed Sigmund
  3979 | D:5      | Reached XP level 8. HP: 47/60 MP: 16/16
  4066 | D:5      | Found a shadowy altar of Dithmenos.
  4485 | D:6      | Reached * piety under Ashenzari
  4540 | D:6      | Identified the cursed +2 pair of boots of Star-Bound Wisdom
                  | {Evo, Elem} (You found it on level 2 of the Dungeon)
  4566 | D:6      | Reached skill level 5 in Transmutations
  4577 | D:6      | Reached XP level 9. HP: 57/66 MP: 18/18
  4937 | D:6      | Found a shimmering blue altar of Sif Muna.
  4968 | D:6      | Reached skill level 5 in Fighting
  5158 | D:6      | Found a hazy altar of Hepliaklqana.
  5337 | D:6      | Found an ancient bone altar of Kikubaaqudgha.
  5399 | D:7      | Reached skill level 8 in Unarmed Combat
  5436 | D:7      | Reached skill level 5 in Invocations
  5532 | D:7      | Found an ornate altar of the Wu Jian Council.
  5746 | D:7      | Found an iron altar of Okawaru.
  5825 | D:7      | Reached ** piety under Ashenzari
  5935 | D:7      | Identified the cursed +2 pair of gloves of the Manifest
                  | Loss {Melee, Cun} (You found it on level 5 of the Dungeon)
  6144 | D:7      | Reached skill level 5 in Short Blades
  6144 | D:7      | Reached skill level 5 in Long Blades
  6144 | D:7      | Reached skill level 5 in Axes
  6144 | D:7      | Reached skill level 5 in Maces & Flails
  6144 | D:7      | Reached skill level 5 in Polearms
  6144 | D:7      | Reached skill level 5 in Staves
  6144 | D:7      | Reached skill level 5 in Ranged Weapons
  6144 | D:7      | Reached skill level 5 in Throwing
  6144 | D:7      | Reached skill level 5 in Armour
  6144 | D:7      | Reached skill level 5 in Stealth
  6144 | D:7      | Reached skill level 5 in Shields
  6144 | D:7      | Reached skill level 5 in Evocations
  6144 | D:7      | Reached XP level 10. HP: 61/76 MP: 20/20
  6837 | D:8      | Found a staircase to the Lair.
  7174 | D:8      | Learned a level 4 spell: Ice Form
  7178 | D:8      | Learned a level 3 spell: Mephitic Cloud
  7254 | D:8      | Identified the cursed +0 robe "Cursed Malaise" {Bglg, Comp}
  7274 | D:8      | Found a sacrificial altar of Ru.
  7885 | D:8      | Found a basalt altar of Yredelemnul.
  7973 | D:8      | Found a hide-covered altar of Uskayaw.
  8329 | D:9      | Reached *** piety under Ashenzari
  8624 | D:9      | Reached skill level 9 in Unarmed Combat
  8849 | D:9      | Reached skill level 5 in Conjurations
  8849 | D:9      | Reached skill level 5 in Hexes
  8849 | D:9      | Reached skill level 5 in Summonings
  8849 | D:9      | Reached skill level 5 in Necromancy
  8849 | D:9      | Reached skill level 5 in Translocations
  8849 | D:9      | Reached skill level 5 in Fire Magic
  8849 | D:9      | Reached skill level 5 in Ice Magic
  8849 | D:9      | Reached skill level 5 in Air Magic
  8849 | D:9      | Reached skill level 5 in Earth Magic
  8849 | D:9      | Reached skill level 5 in Poison Magic
  8849 | D:9      | Reached XP level 11. HP: 66/83 MP: 22/22
  8998 | D:9      | Found a blossoming altar of Fedhas.
  9026 | D:9      | Noticed an oklob plant
  9212 | D:9      | Reached **** piety under Ashenzari
  9306 | D:9      | Identified the cursed +0 buckler "Tethered With Me" {Comp,
                  | Alch} (You found it on level 6 of the Dungeon)
  9971 | D:10     | Entered Level 10 of the Dungeon
  9977 | D:10     | Noticed a two-headed ogre
  9989 | D:10     | Killed a two-headed ogre
 10039 | D:10     | Found a stormy altar of Qazlal.
 10088 | D:10     | Identified the +6 shortbow of the Turnip {flame, rElec
                  | Str+6 Dex+4}
 10141 | D:10     | Noticed a deep elf pyromancer
 10247 | D:10     | Identified the +9 whip of Bankruptcy {elec, MP+9}
 10475 | D:10     | Noticed a two-headed ogre
 10477 | D:10     | Noticed a flayed ghost
 10479 | D:10     | Killed a two-headed ogre
 10480 | D:10     | Noticed a centaur warrior
 10483 | D:10     | HP: 5/100 [flayed ghost (20)]
 10725 | D:10     | Killed a flayed ghost
 10738 | D:10     | Noticed a centaur warrior
 10739 | D:10     | Killed a centaur warrior
 10746 | D:10     | Killed a centaur warrior
 10750 | D:10     | Noticed a two-headed ogre
 10758 | D:10     | Killed a two-headed ogre
 11059 | D:10     | Killed a deep elf pyromancer
 11060 | D:10     | Reached XP level 12. HP: 34/91 MP: 24/24
 11365 | D:10     | Found a sparkling altar of Nemelex Xobeh.
 11392 | D:10     | Identified the +3 quarterstaff "Weukeeph" {freeze, Contam
                  | Int+7 SInv}
 11645 | D:11     | Noticed a two-headed ogre
 11653 | D:11     | Killed a two-headed ogre
 11818 | D:11     | Identified the +8 halberd of Integrity {heavy, Dex+4}
 11954 | D:11     | Reached ***** piety under Ashenzari
 11967 | D:11     | Found Neack's Jewellery Boutique.
 12450 | D:11     | Paralysed by a hornet for 2 turns
 12610 | D:11     | Reached skill level 10 in Unarmed Combat
 13050 | Lair:1   | Entered Level 1 of the Lair of Beasts
 13121 | Lair:1   | Slain by a yak

Illustrated notes

Levels and vault maps discovered:
D:1:      kennysheep_arrival_seaside, layout_basic, roderic_serpentine_path,
          hex_tiny, chequers_serial_rivers_large_b, st_stairs_2,
          nicolae_figureground_sparkle
D:2:      layout_rooms, chequers_ecumenical_altar_island,
          nicolae_underground_beach
D:3:      minmay_general_purpose_star, layout_rooms,
          grunt_temple_overflow_order_and_chaos_2
D:4:      layout_gridville, tso_oasis_becter,
          minmay_temple_entry_gardened_gates, serial_shops,
          nicolae_shop_statue_plus, minmay_crystal_room
D:5:      layout_basic, slow_altar_2, grunt_dithmenos_smoke, serial_shops,
          kennysheep_mini_moat, kennysheep_diamond, uniq_sigmund
D:6:      layout_basic, mainiacjoe_overflow_cross_hatched,
          kiku_gazebo_garden_becter, amcnicky_altar_gilded, minmay_statues_item
D:7:      layout_loops_ring, kennysheep_little_box,
          nicolae_wu_jian_immortal_techniques
D:8:      layout_basic, lemuel_zombie_altar_yredelemnul,
          lemuel_coloured_pillars_altar, mainiacjoe_overflow_six_doors_small,
          due_lair_maze_entry_diamond
D:9:      layout_loops_corners, tgw_fedhas
D:10:     nzn_winding_woodlands_three_and_one
          [nzn_winding_woodlands_5x15_lazy_stream,
          nzn_winding_woodlands_5x15_sidewinder,
          nzn_winding_woodlands_5x15_zeroes,
          nzn_winding_woodlands_center_lodge], layout_rooms,
          nemelex_altar_shiori, grunt_qazlal_clouds
D:11:     layout_roguey, serial_shops, nicolae_shop_waterfront, serial_bayou,
          serial_bayou_lagoon_b, serial_bayou_pond_c, serial_bayou_ford_a,
          serial_bayou_lagoon_a
Temple:   hellmonk_temple_micro_hex
Lair:1:   layout_concentric_octagons, hangedman_lair_unloving_vines

Skill      XL: |  1  2  3  4  5  6  7  8  9 10 11 12 |
---------------+-------------------------------------+-----
Spellcasting   | 5 6 7 8 9 |  9.1
Invocations    | 1 2 3 4 5 6 7 8 |  8.2
Short Blades   | 1 2 3 5 6 7 |  7.5
Long Blades    | 1 2 3 5 6 7 |  7.5
Axes           | 1 2 3 5 6 7 |  7.5
Maces & Flails | 1 2 3 5 6 7 |  7.5
Polearms       | 1 2 3 5 6 7 |  7.5
Staves         | 1 2 3 5 6 7 |  7.5
Ranged Weapons | 1 2 3 5 6 7 |  7.5
Throwing       | 1 2 3 5 6 7 |  7.5
Armour         | 1 2 3 5 6 7 |  7.5
Stealth        | 1 2 3 5 6 7 |  7.5
Shields        | 1 2 3 5 6 7 |  7.5
Evocations     | 1 2 3 5 6 7 |  7.5
Fighting       | 3 4 5 6 7 8 |  8.0
Conjurations   | 1 2 3 4 5 6 |  6.2
Hexes          | 1 2 3 4 5 6 |  6.2
Summonings     | 1 2 3 4 5 6 |  6.2
Necromancy     | 1 2 3 4 5 6 |  6.2
Translocations | 1 2 3 4 5 6 |  6.2
Fire Magic     | 1 2 3 4 5 6 |  6.2
Ice Magic      | 1 2 3 4 5 6 |  6.2
Air Magic      | 1 2 3 4 5 6 |  6.2
Earth Magic    | 1 2 3 4 5 6 |  6.2
Poison Magic   | 1 2 3 4 5 6 |  6.2
Transmutations | 4 5 6 7 |  7.4
Dodging        | 5 6 7 8 |  8.9
Unarmed Combat | 7 8 9 10 | 10.0

Action                   |  1- 3 |  4- 6 |  7- 9 | 10-12 || total
-------------------------+-------+-------+-------+-------++-------
Melee: Dagger            |    12 |       |       |       ||    12
       Kick              |    17 |       |       |       ||    17
       Bite              |     9 |       |       |       ||     9
       Unarmed           |     4 |    75 |   258 |   458 ||   795
       Short sword       |    89 |     4 |     2 |     1 ||    96
       Headbutt          |    14 |       |       |       ||    14
       Punch             |     6 |       |       |       ||     6
 Cast: Beastly Appendage |    24 |       |       |       ||    24
       Spider Form       |     1 |    19 |    31 |    23 ||    74
       Wereblood         |     1 |     1 |    10 |    16 ||    28
       Ice Form          |       |       |       |    23 ||    23
       Mephitic Cloud    |       |       |       |    20 ||    20
Invok: Curse Item        |       |       |     3 |     5 ||     8
Evoke: Wand              |       |       |       |     2 ||     2
  Use: Scroll            |       |     7 |     2 |     1 ||    10
       Potion            |       |       |     5 |     4 ||     9
 Stab: Sleeping          |     2 |     1 |     1 |     3 ||     7
       Confused          |       |       |       |    15 ||    15
       Paralysed         |       |       |       |     3 ||     3
Armor: Robe              |    11 |       |     2 |       ||    13
       Skin              |       |     2 |     8 |    59 ||    69
Dodge: Dodged            |    72 |    71 |   230 |   351 ||   724

Table legend: (Time is in decaauts)
 A = Elapsed time spent in this place.
 B = Non-inter-level travel time spent in this place.
 C = Inter-level travel time spent in this place.
 D = Time resting spent in this place.
 E = Time spent auto-exploring this place.
 F = Levels seen in this place.
 G = Mean time per level.
                   A        B        C        D        E       F      G
               +--------+--------+--------+--------+--------+-----+--------+
         Total |  13088 |  12700 |    388 |   1426 |   8810 |  13 | 1006.8 |
       Dungeon |  13010 |  12623 |    387 |   1426 |   8797 |  11 | 1182.7 |
        Temple |     10 |     10 |      0 |      0 |      0 |   1 |   10.0 |
          Lair |     67 |     67 |      0 |      0 |     13 |   1 |   67.0 |
               +--------+--------+--------+--------+--------+-----+--------+

Top non-repeatable levels by time:
     D:9: 1966 daAuts
     D:8: 1601 daAuts
     D:5: 1436 daAuts
    D:11: 1406 daAuts
    D:10: 1357 daAuts
     D:7: 1304 daAuts
     D:6: 1049 daAuts
     D:1: 897 daAuts
     D:4: 732 daAuts
     D:3: 650 daAuts
     D:2: 606 daAuts
  Lair:1: 67 daAuts
  Temple: 10 daAuts
